 Dungeon Crawl Stone Soup version 0.28-a0-413-gde365fb1df (webtiles) character file.

Game seed: 10156937699525670572

2 Jawa73 the Insei (level 1, 0/13 HPs)
             Began as an Octopode Transmuter on Sept 7, 2021.
             Slain by a goblin (6 damage)
             ... on level 1 of the Dungeon.
             The game lasted 00:01:54 (57 turns).

Jawa73 the Insei (Octopode Transmuter)                Turns: 57, Time: 00:01:55

Health: 0/13       AC:  1    Str:  9    XL:     1   Next: 40%
Magic:  3/3        EV: 13    Int: 15    God:
Gold:   0          SH:  0    Dex: 12    Spells: 3/4 levels left

rFire   . . .      SeeInvis .     - Unarmed
rCold   . . .      Faith    .   (no shield)
rNeg    . . .      Spirit   .   (helmet currently unavailable)
rPois   .          Reflect  .   (no amulet)
rElec   .          Harm     .   (no ring)
rCorr   .          Rampage  .   (no ring)
Will    .....                   (no ring)
Stlth   ++........              (no ring)
HPRegen 0.04/turn               (no ring)
MPRegen 0.08/turn               (no ring)
                                (no ring)
                                (no ring)

@: appendages (expiring)
A: tentacle spike 3, almost no armour, amphibious, 8 rings, camouflage 1,
gelatinous body 1, (nimble swimmer 1), tentacles
a: End Transformation


You were on level 1 of the Dungeon.
One of your tentacles had grown a beastly spike.
You visited 1 branch of the dungeon, and saw 1 of its levels.

Inventory:

Scrolls
 a - a scroll of fear {unknown}


   Skills:
 * Level 1.0 Fighting
 * Level 2.0 Dodging
 * Level 3.1 Unarmed Combat
 * Level 2.0 Spellcasting
 * Level 2.0 Transmutations


You had 3 spell levels left.
You knew the following spells:

 Your Spells              Type           Power      Damage    Failure   Level
a - Beastly Appendage     Tmut           14%        N/A       10%         1

Your spell library contained the following spells:

 Spells                   Type           Power      Damage    Failure   Level
 Wereblood                Tmut           7%         N/A       14%         2
 Passwall                 Tmut/Erth      3%         N/A       22%         2
 Spider Form              Tmut/Pois      2%         N/A       41%         3
 Swiftness                Air            1%         N/A       54%         3
 Ice Form                 Ice/Tmut       4%         N/A       82%         4
 Invisibility             Hex            0%         N/A       100%        6


Dungeon Overview and Level Annotations

Branches:
Dungeon (1/15)

Altars:


Innate Abilities, Weirdness & Mutations

One of your tentacles has grown a beastly spike.
You cannot wear most types of armour.
You are amphibious.
You can wear up to eight rings at the same time.
Your skin changes colour to match your surroundings (Stealth+).
Your rubbery body absorbs attacks. (AC +1, EV +1)
((You are camouflaged near water. (Stealth+)))
You have tentacles for arms and can constrict up to eight enemies at once.


Message History

Casting: Beastly Appendage (safe; 10% risk of failure)
Press: ? - help, Q - select action Dir - look around, f - activate One of your tentacles grows a vicious spike.
The quokka bites you.
You barely miss the quokka. Your grab misses the quokka.
Your tentacle spike misses the quokka.
You squeeze the quokka.
The quokka is almost dead.
The quokka closely misses you.
You tentacle-slap the quokka but do no damage.
You grab the quokka.
You pierce the quokka, but do no damage.
The quokka is almost dead.
You constrict the quokka, but do no damage.
The quokka closely misses you.
You tentacle-slap the quokka.
You kill the quokka!
You see here a quokka corpse.
Found 16 stones.
A kobold comes into view. It is wielding a +0 short sword.
Your transformation is almost over.
Found 16 gold pieces.
The kobold shouts!
You hear a shout!
A kobold comes into view. It is wielding a +0 club.
A goblin comes into view. It is wielding a +3 dagger of venom.
The goblin shouts!
You tentacle-slap the kobold but do no damage.
Your grab misses the kobold. The kobold misses you.
You tentacle-slap the kobold but do no damage.
You grab the kobold.
You pierce the kobold.
You kill the kobold!
Things that are here:
a +0 short sword; a kobold corpse You closely miss the kobold.
You grab the kobold. You constrict the kobold.
The kobold hits you with a +0 club.
You completely miss the kobold. You squeeze the kobold.
You kill the kobold!
You tentacle-slap the goblin. Your grab misses the goblin.
The goblin is severely wounded.
The goblin hits you with a +3 dagger of venom.
You die...

###############
#......@g......
#........(.....
#...........$..
#†.####.#####..
#..# #.# . #..#
#.# #..# #.#
#..####.##
#.........


You could see a goblin.

Vanquished Creatures
  A quokka (D:1)
  2 kobolds (D:1)
3 creatures vanquished.

Notes
Turn   | Place    | Note
-------+----------+-------------------------------------------
     0 | D:1      | Jawa73 the Octopode Transmuter began the quest for the Orb.
     0 | D:1      | Reached XP level 1. HP: 13/13 MP: 3/3
    57 | D:1      | Slain by a goblin

Illustrated notes

Levels and vault maps discovered:
D:1:      dpeg_arrival_boxes_within_box, layout_loops_ring,
          hangedman_decor_push, minmay_misc_feat_ornament, minmay_hexomino_p4

Action                   || total
-------------------------++-------
Melee: Unarmed           ||     8
       Constrict         ||     3
       Kick              ||     2
       Tentacles         ||     2
 Cast: Beastly Appendage ||     1
Dodge: Dodged            ||     3

Table legend: (Time is in decaauts)
 A = Elapsed time spent in this place.
 B = Non-inter-level travel time spent in this place.
 C = Inter-level travel time spent in this place.
 D = Time resting spent in this place.
 E = Time spent auto-exploring this place.
 F = Levels seen in this place.
 G = Mean time per level.
                   A        B        C        D        E       F      G
               +--------+--------+--------+--------+--------+-----+--------+
         Total |     56 |     56 |      0 |      0 |     27 |   1 |   56.0 |
       Dungeon |     56 |     56 |      0 |      0 |     27 |   1 |   56.0 |
               +--------+--------+--------+--------+--------+-----+--------+

Top non-repeatable levels by time:
     D:1: 56 daAuts
